 Dungeon Crawl Stone Soup version bcrawl-1.27.3 (webtiles) character file.

Game seed: 14536102690875619901

115843 MisterOstroum the Twirler (level 2, 0/18 HPs)
             Began as a Vine Stalker Gladiator on Sept 24, 2020.
             Slain by an adder (4 damage)
             ... on level 3 of the Dungeon.
             The game lasted 00:02:08 (389 turns).

MisterOstroum the Twirler (Vine Stalker Gladiator)   Turns: 389, Time: 00:02:08

Health: 0/18       AC:  4    Str: 16    XL:     2   Next: 54%
Magic:  3/3        EV: 13    Int:  8    God:
Gold:   17         SH:  0    Dex: 15    Spells: 1/1 levels left

rFire    . . .     SeeInvis .   a - +0 quarterstaff
rCold    . . .     Gourm    .   (shield currently unavailable)
rNeg     . . .     Faith    .   b - +0 leather armour
rPois    .         Spirit   .   c - +0 helmet
rElec    .         Reflect  .   (no cloak)
rCorr    .         Harm     .   (no gloves)
MR       .....                  (no boots)
Stlth    +.........             (no amulet)
HPRegen  0.46/turn              (no ring)
MPRegen  0.08/turn              (no ring)

@: lethally poisoned (0 -> -2), swift, flying, quick
A: fangs 2, regeneration 1, no potion heal 3, rot immunity, strong jaws
a: no special abilities


You were on level 3 of the Dungeon.
You were not hungry.

You visited 1 branch of the dungeon, and saw 3 of its levels.

You collected 17 gold pieces.

Inventory:

Hand Weapons
 a - a +0 quarterstaff (weapon)
 h - a +0 dagger
 l - a +0 hunting sling
Missiles
 d - 3 throwing nets {=f!f}
 g - 137 stones (quivered)
 j - 74 javelins
Armour
 b - a +0 leather armour (worn)
 c - a +0 helmet (worn)
Scrolls
 k - a scroll of identify {@r1}
Comestibles
 e - 2 rations {!d}
 f - 2 chunks of flesh


   Skills:
 * Level 2.3 Fighting
 * Level 3.1 Staves
 - Level 1.7 Throwing
 - Level 3.0 Dodging


You had one spell level left.
You didn't know any spells.
Your spell library was empty.

Dungeon Overview and Level Annotations

Branches:
Dungeon (3/12)

Altars:


Innate Abilities, Weirdness & Mutations

You have extremely sharp teeth.
Your natural rate of healing is unusually fast.
Potions cannot restore your health.
You are immune to rotting.
Your bites deal extra damage.


Message History

You sock the worm!
The worm is moderately wounded.
You barely miss the worm.
The worm is moderately wounded.
The worm closely misses you.
You hit the worm.
The worm is moderately wounded.
The worm closely misses you. The worm bites you.
You barely miss the worm.
The worm is moderately wounded.
The worm bites you!
You see here a ration {!d}.
e - 2 rations {!d} (gained 1)
You see here 8 gold pieces.
You now have 17 gold pieces (gained 8).
You thump the worm!
The worm is heavily wounded.
The worm barely misses you.
You barely miss the worm. You bite the worm.
The worm is heavily wounded.
You hit the worm but do no damage.
The worm is heavily wounded.
The worm bites you.
You sock the worm!
The worm is almost dead.
The worm bites you!
Ouch! That really hurt!
* * * LOW HITPOINT WARNING * * *
You thump the worm!
You kill the worm!
Unknown command.
There is an open door here.
HP restored.
Some of the chunks of flesh in your inventory have rotted away.
(D) Dungeon
Where to? (Enter - D:1 @ (x,y), ? - help)
There is an open door here.
There is a stone staircase leading down here.
You climb downwards.
There is a stone staircase leading up here. 2 orcs and an orc wizard come into view.
The orc shouts! x2
An orc priest comes into view.
It is wielding a +2 hand axe of holy wrath.
An orc comes into view.
There is a stone staircase leading up here.
You climb upwards.
There is a stone staircase leading down here.
Press: ? - help, . - travel You can't see that place. [a shaft.] Sorry, I don't know how to traverse that place.
You can't go down here!
Press: ? - help, . - travel You can't see that place. [a shaft.] Sorry, I don't know how to traverse that place.
You can't go down here!
Press: ? - help, . - travel You can't see that place. [the floor.]
There is a shaft here.
Really dive through this shaft in the floor?
You fall into a shaft and drop 1 floor!
The shaft crumbles and collapses.
An adder comes into view.
The adder hisses angrily.
No path to travel!
An adder comes into view.
The adder hisses angrily.
Found a stone staircase leading up.
The adder bites you.
You closely miss the adder. The adder misses you.
The adder bites you but does no damage.
You hit the adder.
The adder is moderately wounded.
The adder bites you. x2
You are poisoned.
The adder poisons you!
You hit the adder.
The adder is moderately wounded.
You feel sick. The adder bites you.
* * * LOW HITPOINT WARNING * * *
The adder misses you. The adder barely misses you. x2
You miss the adder.
The adder is moderately wounded.
The adder completely misses you. The adder bites you but does no damage.
You barely miss the adder.
The adder is moderately wounded.
You feel sick. The adder closely misses you. The adder bites you.
* * * LOW HITPOINT WARNING * * *
You are more poisoned.
The adder poisons you! The adder closely misses you. x2
You hit the adder.
The adder is heavily wounded.
You feel sick. The adder misses you. x2
It was a potion of flight.
You feel very buoyant.
You fly up into the air.
The adder bites you.
You die...

......... .
..<..# ##.
.##....$.###.%
.........#...
.....#.....####
#.........!..
#.......... #S#
#@# #S# ###.#
##...## #.....#
...............
.............#.#
............##
.....#......#


You could see 2 adders.

Vanquished Creatures
  2 worms (D:2)
  A giant cockroach (D:1)
  A hobgoblin (D:1)
  4 kobolds
  2 bats
10 creatures vanquished.

Notes
Turn   | Place    | Note
-------+----------+-------------------------------------------
     0 | D:1      | MisterOstroum the Vine Stalker Gladiator began the quest
                  | for the Orb.
     0 | D:1      | Reached XP level 1. HP: 12/12 MP: 2/2
   194 | D:2      | Reached XP level 2. HP: 14/17 MP: 3/3
   376 | D:2      | You fall into a shaft and drop 1 floor!
   389 | D:3      | Slain by an adder

Skill      XL: |  1 |
---------------+----+-----
Fighting       | 2 |  2.3
Staves         | 3 |  3.1
Throwing       | |  1.7
Dodging        | |  3.0

Action                   || total
-------------------------++-------
Melee: Quarterstaff      ||    36
       Bite              ||     2
Throw: Stone             ||    10
  Use: Potion            ||     1
Armor: Leather armour    ||    12
Dodge: Dodged            ||    27
